Map: Jagannatha EC

Players

AsTro - Winner!

  • Race: Zerg Zerg
  • League: Diamond
  • Spawn Location: 7:00

Ady

  • Race: Terran Terran
  • League: Diamond
  • Spawn Location: 1:00

VOD

Have the link to the VOD?

Description

Time

  • Played on: March 9, 2021, 4:04 p.m.
  • Length: 6:25
Show
View Real Time Build Order
Export as new Build Order

AsTro Zerg - Winner!

Build Orders: Hatch First 

Get SALT Encoding   

  12  0:01  Drone  
  13  0:16  Drone, Overlord  
  14  0:34  Drone x2  
  16  0:48  Drone  
  17  0:52  Hatchery  
  17  0:55  Drone  
  17  0:59  Drone  
  18  1:08  Extractor  
  17  1:15  Spawning Pool  
  16  1:19  Drone  
  16  1:24  Drone  
  18  1:33  Drone  
  19  1:43  Overlord  
  19  2:02  Zergling x2  
  19  2:03  Zergling x2  
  19  2:04  Queen  
  19  2:06  Queen  
  19  2:07  Drone  
  26  2:09  Metabolic Boost  
  26  2:14  Drone  
  27  2:18  Drone  
  28  2:27  Drone x2  
  30  2:36  Drone  
  32  2:37  Drone  
  32  2:46  Drone  
  34  2:51  Drone  
  34  3:00  Roach Warren, Drone x2  
  35  3:09  Overlord  
  35  3:10  Drone  
  36  3:14  Extractor  
  36  3:19  Overlord x2  
  35  3:27  Queen  
  35  3:28  Drone x3  
  40  3:44  Roach x4  
  48  3:50  Roach x4  
  56  4:03  Roach x2  
  60  4:17  Overlord x3  
  58  4:27  Roach  
  58  4:28  Overlord x2  
  60  4:41  Ravager x3  
  60  4:42  Zergling x2  
  60  4:43  Zergling x12  
  69  5:07  Zergling x18  
  75  5:15  Zergling x4  
  74  5:24  Zergling x4  
  71  5:35  Zergling x4  
  72  5:48  Zergling x4  
  74  5:51  Hatchery  
  71  5:59  Zergling x4  
Show
View Real Time Build Order
Export as new Build Order

Ady Terran 

Build Orders: Hellion Opening, Reaper Expand 

Get SALT Encoding   

  12  0:00  SCV  
  13  0:13  SCV  
  14  0:17  Supply Depot  
  14  0:25  SCV  
  15  0:38  SCV  
  15  0:39  Barracks  
  16  0:44  Refinery  
  16  0:50  SCV  
  17  1:02  SCV  
  18  1:15  SCV  
  19  1:27  Reaper, Orbital Command  
  20  1:42  Command Center  
  20  1:53  Supply Depot  
  20  1:55  SCV  
  20  1:59  Marine  
  22  2:07  SCV  
  23  2:11  Factory  
  23  2:19  SCV  
  24  2:24  Barracks Reactor  
  24  2:31  SCV  
  25  2:43  SCV  
  26  2:51  Command Center  
  26  2:56  Orbital Command  
  26  2:59  SCV  
  27  3:08  Hellion  
  27  3:09  Hellion  
  27  3:11  SCV  
  32  3:20  Barracks Tech Lab  
  32  3:23  SCV x2  
  34  3:29  Supply Depot  
  34  3:33  Hellion x2  
  38  3:35  SCV  
  38  3:38  SCV  
  38  3:39  Marine  
  38  3:40  Stimpack  
  40  3:47  SCV  
  41  3:53  Supply Depot, SCV  
  41  3:54  Hellion x2  
  46  3:57  Marine  
  46  4:00  SCV  
  48  4:06  Orbital Command  
  48  4:10  Bunker x2  
  48  4:15  Marine  
  51  4:18  SCV  
  51  4:22  SCV  
  53  4:29  Supply Depot  
  53  4:31  Widow Mine x2  
  53  4:32  SCV  
  53  4:33  Marine  
  53  4:35  SCV  
  58  4:40  Barracks  
  58  4:42  Barracks  
  58  4:48  SCV  
  58  4:50  Armory  
  58  4:52  Marine  
  50  5:14  Marine  
  50  5:15  Widow Mine  
  50  5:16  Widow Mine  
  55  5:25  SCV x2  
  41  5:29  Marine  
  41  5:30  Marine  
  42  5:39  Marine  
  42  5:41  Widow Mine x2  
  42  5:47  Marine  
  43  5:51  Marine  
  43  5:57  Marine  
  26  6:05  Marine  
Tags
 
Add a new tag
Caveats
  • Supply blocks, unpowered buildings, or Contaminate may cause inaccurate times.
  • Supply counts are checked every 10 seconds.